 Dungeon Crawl Stone Soup version 0.29-a0-994-gc5c9f59d18 (webtiles) character file.

Game seed: 11812190003062426760

2903 zeratav the Tainter (level 9, -5/64 HPs)
             Began as an Octopode Venom Mage on Aug 3, 2022.
             Was an Initiate of Gozag.
             Slain by a two-headed ogre
             ... wielding a +0 dire flail
              (29 damage)
             ... on level 9 of the Dungeon.
             The game lasted 00:14:55 (8771 turns).

zeratav the Tainter (Octopode Venom Mage)           Turns: 8771, Time: 00:14:56

Health: -5/64      AC:  5    Str:  7    XL:     9   Next: 78%
Magic:  0/12       EV: 16    Int: 18    God:    Gozag
Gold:   605        SH:  0    Dex: 15    Spells: 5/12 levels left

rFire   + . .      SeeInvis .   r - +4 hand axe of Anguish {vorpal, rC+++ Will+ Int-3 Dex+2, axe}
rCold   + + +      Faith    .   (no shield)
rNeg    . . .      Spirit   .   (helmet restricted)
rPois   .          Reflect  .   (no amulet)
rElec   .          Harm     .   h - +4 ring of protection
rCorr   +          Rampage  .   o - ring of protection from cold
Will    +....                   p - ring of resist corrosion
Stlth   ++++......              j - ring of protection from fire
HPRegen 0.20/turn               (no ring)
MPRegen 0.13/turn               (no ring)
                                (no ring)
                                (no ring)

@: lethally poisoned (-5 -> -6), radiating poison, very slightly contaminated
A: almost no armour, amphibious, 8 rings, camouflage 1, gelatinous body 1,
(nimble swimmer 1), tentacles, deterioration 1
a: Renounce Religion, Potion Petition, Call Merchant, Bribe Branch


You were on level 9 of the Dungeon.
You worshipped Gozag.
Gozag was pleased with you.
You visited 2 branches of the dungeon, and saw 10 of its levels.

You collected 650 gold pieces.
You paid 45 gold pieces to Gozag.


Innate Abilities, Weirdness & Mutations

You cannot wear most types of armour.
You are amphibious.
You can wear up to eight rings at the same time.
Your skin changes colour to match your surroundings (Stealth+).
Your rubbery body absorbs attacks. (AC +1, EV +1)
((You are camouflaged when in or above water. (Stealth+)))
You have tentacles for arms and can constrict up to eight enemies at once.
Your body sometimes deteriorates upon taking damage.


   Skills:
 - Level 7.0 Fighting
 - Level 7.0 Dodging
 - Level 5.0 Stealth
 - Level 2.0 Spellcasting
 + Level 2.3 Transmutations
 + Level 1.9 Fire Magic
 - Level 10.0 Poison Magic


You had 5 spell levels left.
You knew the following spells:

 Your Spells              Type           Power      Damage    Failure   Level
a - Sting                 Tmut/Pois      96%        1d7       1%          1
b - Poisonous Vapours     Pois/Air       38%        N/A       3%          2
c - Olgreb's Toxic Radia  Pois           37%        N/A       3%          4

Your spell library contained the following spells:

 Spells                   Type           Power      Damage    Failure   Level
 Mephitic Cloud           Conj/Pois/Air  13%        N/A       14%         3
 Summon Small Mammal      Summ           4%         N/A       19%         1
 Call Canine Familiar     Summ           1%         N/A       47%         3
 Summon Guardian Golem    Hex/Summ       1%         N/A       47%         3
 Dispersal                Tloc           0%         N/A       100%        6
 Disjunction              Tloc           0%         N/A       100%        8

Inventory:

Hand Weapons
 d - a +1 dagger of flaming {short}
   (You took it off a goblin on level 1 of the Dungeon)
 g - a +2 dagger of venom {short}
   (You took it off a goblin on level 1 of the Dungeon)
 r - the +4 hand axe of Anguish (weapon) {vorpal, rC+++ Will+ Int-3 Dex+2, axe}
   (You found it on level 3 of the Dungeon)

   It inflicts extra damage upon your enemies.
   Int:       It affects your intelligence (-3).
   Dex:       It affects your dexterity (+2).
   rC:        It renders you almost immune to cold.
   Will:      It increases your willpower.
 t - the +2 short sword "Laboocu" {drain, Int+3, short}
   (You found it on level 4 of the Dungeon)

   A truly terrible weapon, it drains the life of any living foe it strikes.
   Int:       It affects your intelligence (+3).
Jewellery
 h - a +4 ring of protection (left tentacle)
   (You found it on level 1 of the Dungeon)
 j - a ring of protection from fire (on tentacle)
   (You found it on level 8 of the Dungeon)
 o - a ring of protection from cold (right tentacle)
   (You found it on level 3 of the Dungeon)
 p - a ring of resist corrosion (on tentacle)
   (You found it on level 3 of the Dungeon)
 q - a ring of fire
   (You found it on level 3 of the Dungeon)
Wands
 y - a wand of iceblast (7)
   (You found it on level 6 of the Dungeon)
 A - a wand of flame (18)
   (You found it on level 6 of the Dungeon)
Scrolls
 b - a scroll of magic mapping {!r}
 c - 2 scrolls of teleportation {unknown}
 e - a scroll of silence {unknown}
 k - 2 scrolls of butterflies {unknown}
 n - 2 scrolls of enchant armour {unknown}
 s - a scroll of amnesia
 v - 2 scrolls of fear {unknown}
 w - a scroll of poison {!r}
 z - 2 scrolls of enchant weapon {unknown}
Potions
 a - 2 potions of magic
 f - 2 potions of curing {@q1}
 i - 2 potions of brilliance
 l - a potion of lignification {!q}
 m - 2 potions of mutation {!q}
 u - a potion of might
 x - a potion of flight {unknown}
 B - a potion of haste {unknown}
 D - a potion of heal wounds {unknown}

Dungeon Overview and Level Annotations

Branches:
Dungeon (9/15) Zot: 26196  Temple (1/1) D:4 Zot: 5850
   Lair: D:8-11         Orc: D:9-12

Altars:
Ashenzari
Cheibriados
Elyvilon
Gozag
Hepliaklqana
Nemelex Xobeh
Okawaru
Qazlal
Ru
Sif Muna
Trog
Vehumet
Wu Jian
Xom
Yredelemnul
Zin
The Shining One

Shops:
D:2 [   D:3 :   D:9 **

Annotations:
D:2 Sigmund
D:5 exclusions: Grinder and ice beast
D:6 Maggie

##.# ############## #....
#..*
###............###....
##.###
###.'...........⌠.⌠#..).
.....#
##...#............∩.')..)
.....#
#..###...<.<....#⌠.⌠#..).
.....####.##
#..........#))##....
.>...##...#
#..........#.###....
.....#..###
#..O.......+.# #....
.......## #..@.......###
#.... .....###
#..........# #.... #.####
####+####### ####' #.#
*,,,* #. ..#
********,**** #. ###
*,,,,,,,,,,,* #. *
*,,,,,,,,,,,* ## *******
*,,,,,,,,,,,* *****
,,,,,,* ***,,,,,,,,,,,*
*,,,,


You could see a two-headed ogre (extremely poisoned).


Message History

You lost 4 mp, and now have 4/12 mp.
Your toxic aura wanes.
Something barely misses you.
MP[+1]
You hear some strange, mumbled words. x2
Something tries to affect you, but you resist.
HP[+1]
Casting: Olgreb's Toxic Radiance (dangerous; 3% risk of failure)
Confirm with . or Enter, or press ? or * to list all spells.
You begin to radiate toxic energy.
You hear some strange, mumbled words.
A swirling arc of seething chaos appears!
An arc of chaos appears from out of thin air!
The arc of chaos hits you.
You feel drained.
You hear some strange, mumbled words.
Something tries to affect you, but you resist.
HP[-2] MP[-4]
You now have 62 max hp (-1).
You take 2 damage, and now have 39/62 hp.
You lost 4 mp, and now have 1/12 mp.
Your toxic aura wanes.
Reactivating autopickup.
You feel a bit more experienced.
Your life force feels restored.
Your Transmutations skill increases to level 2!
Your Fire Magic skill increases to level 1!
You now have 64 max hp (+2).
You now have 605 gold pieces (gained 5).
Things that are here:
a +0 dagger of chaos {short}; a +0 robe HP[+2] MP[+1]
You regained 2 hp, and now have 41/64 hp.
You start resting.
You feel a little less agile now.
HP[+1] MP[+1] HP[+1] MP[+1]
There is an open door here.
HP[+1] HP[+1] MP[+1]
You feel yourself speed up.
There is a stone staircase leading down here.
You start resting.
You recover from your berserk rage.
HP[+2] MP[+1]
You regained 2 hp, and now have 47/64 hp.
You start resting.
HP[+17] MP[+6]
Your hp is fully restored (64).
Your mp is fully restored (12).
You climb downwards.
There is a stone staircase leading up here.
There is a stone staircase leading down here.
You climb downwards.
You hear the roar of battle.
There is an entrance to a bailey on this level.
Hurry and find it before the portal closes forever!
The walls and floor vibrate strangely for a moment.
The two-headed ogre hits you with a +0 dire flail.
The two-headed ogre hits you with a +0 dire flail!
There is a stone staircase leading up, spattered with blood here.
HP[-16]
You take 16 damage, and now have 48/64 hp.
MASSIVE DAMAGE!! (PAUSE)
Casting: Olgreb's Toxic Radiance (dangerous; 3% risk of failure)
Confirm with . or Enter, or press ? or * to list all spells.
You begin to radiate toxic energy.
The two-headed ogre is poisoned.
The two-headed ogre looks even sicker.
The two-headed ogre misses you.
The two-headed ogre hits you with a +0 dire flail!
HP[-10] MP[-4]
You take 10 damage, and now have 38/64 hp.
You lost 4 mp, and now have 8/12 mp.
Your toxic aura wanes.
The two-headed ogre attacks as you move away!
The two-headed ogre hits you with a +0 dire flail.
* * * LOW HITPOINT WARNING * * *
The two-headed ogre misses you.
HP[-6]
You take 6 damage, and now have 32/64 hp.
HP[+1]
Casting: Olgreb's Toxic Radiance (dangerous; 3% risk of failure)
Confirm with . or Enter, or press ? or * to list all spells.
You miscast Olgreb's Toxic Radiance.
You are very lightly contaminated with residual magic.
You feel rather nauseous for a moment.
You are poisoned.
* * * LOW HITPOINT WARNING * * *
You feel sick.
HP[-7] MP[-4]
You take 7 damage, and now have 26/64 hp.
You lost 4 mp, and now have 4/12 mp.
You feel sick.
HP[-1]
You take 1 damage, and now have 25/64 hp.
Casting: Olgreb's Toxic Radiance (dangerous; 3% risk of failure)
Confirm with . or Enter, or press ? or * to list all spells.
You begin to radiate toxic energy.
The two-headed ogre looks even sicker.
The two-headed ogre looks as sick as possible!
You feel sick.
The two-headed ogre hits you with a +0 dire flail!!
You die...
Your body crumbles into a pile of gold.

Skill      XL: |  1  2  3  4  5  6  7  8  9 |
---------------+----------------------------+-----
Stealth        | 3 4 5 |  5.0
Poison Magic   | 4 5 7 8 10 | 10.0
Fighting       | 2 5 7 |  7.0
Dodging        | 3 5 7 |  7.0
Transmutations | 2 |  2.3
Fire Magic     | 1 |  1.9
Spellcasting   | |  2.0

Action                   |  1- 3 |  4- 6 |  7- 9 || total
-------------------------+-------+-------+-------++-------
Melee: Unarmed           |    20 |       |       ||    20
       Tentacles         |    12 |    20 |    20 ||    52
       Constrict         |    10 |    29 |    20 ||    59
       Dagger            |    42 |    96 |       ||   138
       Punch             |       |     1 |     2 ||     3
       Hand axe          |       |    35 |   104 ||   139
 Cast: Sting             |     6 |       |    11 ||    17
       Poisonous Vapours |       |    14 |     2 ||    16
       Olgreb's Toxic Ra |       |       |    28 ||    28
  Use: Potion            |       |       |     6 ||     6
       Scroll            |       |       |     6 ||     6
 Stab: Sleeping          |    10 |    15 |     6 ||    31
       Distracted        |       |       |     2 ||     2
Armor: Skin              |     3 |    44 |    51 ||    98
Dodge: Dodged            |    31 |    70 |    85 ||   186

Levels and vault maps discovered:
D:1:      onia_arrival_pyramid, layout_rooms, ebering_ecumenical_altar_webs
D:2:      layout_loops_corners, serial_shops, shop, due_unseen_surprise,
          uniq_sigmund
D:3:      minmay_octagon_keep, layout_basic, serial_shops, nicolae_square_shop,
          nrook_mini_backslash, minmay_misc_feat_rugged
D:4:      layout_basic, minmay_temple_entry_large_hall
D:5:      layout_gridville, uniq_duvessa, uniq_grinder
D:6:      layout_rooms, amcnicky_mini_corridor_feature, grunt_ministairs_5,
          uniq_maggie
D:7:      minmay_klotski, layout_loops_corners,
          gammafunk_temple_overflow_statue, minmay_misc_feat_plants
D:8:      layout_rooms, kennysheep_mini, david_lair_shrubbed,
          gammafunk_ghost_berserking_beasts, nicolae_water_bricks, uniq_psyche
D:9:      layout_roguey, lemuel_crystal_altar, mainiacjoe_overflow_swirl,
          enter_bailey_8, serial_shops, shop, shop_fountains,
          kennysheep_mini_moat
Temple:   regret_index_temple_waves

Notes
Turn   | Place    | Note
-------+----------+-------------------------------------------
     0 | D:1      | zeratav the Octopode Venom Mage began the quest for the
                  | Orb.
     0 | D:1      | Reached XP level 1. HP: 11/11 MP: 3/3
     0 | D:1      | magus.rc [v1.9.6]
    26 | D:1      | Reached skill level 3 in Stealth
   190 | D:1      | Found a faded altar of an unknown god.
   196 | D:1      | Reached XP level 2. HP: 17/17 MP: 0/5
   198 | D:1      | Reached skill level 4 in Poison Magic
   342 | D:1      | You pick up a book of the Warp and begin reading...
   342 | D:1      | You add the spells Dispersal and Disjunction to your
                  | library.
   380 | D:1      | Reached XP level 3. HP: 21/21 MP: 6/6
   402 | D:1      | Reached skill level 4 in Stealth
   891 | D:2      | Noticed Sigmund
  1013 | D:2      | Reached XP level 4. HP: 27/27 MP: 7/7
  1555 | D:2      | Reached skill level 5 in Poison Magic
  1579 | D:2      | Found Edwar's Armour Emporium.
  1992 | D:3      | Found Gemu's Book Shoppe.
  2148 | D:3      | Reached skill level 5 in Stealth
  2472 | D:3      | Learned a level 2 spell: Poisonous Vapours
  2488 | D:3      | Reached XP level 5. HP: 28/31 MP: 8/8
  2500 | D:3      | Reached skill level 6 in Poison Magic
  3019 | D:3      | Identified the +4 hand axe of Anguish {vorpal, rC+++ Will+
                  | Int-3 Dex+2}
  3190 | D:4      | Noticed an ogre
  3193 | D:4      | Reached skill level 7 in Poison Magic
  3193 | D:4      | Reached XP level 6. HP: 30/36 MP: 9/9
  3705 | D:4      | Reached skill level 8 in Poison Magic
  3904 | D:4      | Reached XP level 7. HP: 40/41 MP: 10/10
  3961 | D:4      | Found a staircase to the Ecumenical Temple.
  3969 | D:4      | Identified the +2 short sword "Laboocu" {drain, Int+3}
  3990 | Temple   | Entered the Ecumenical Temple
  4066 | Temple   | Became a worshipper of Gozag Ym Sagoz the Greedy
  4284 | D:5      | Entered Level 5 of the Dungeon
  4423 | D:5      | Learned a level 4 spell: Olgreb's Toxic Radiance
  4436 | D:5      | Reached skill level 9 in Poison Magic
  4496 | D:5      | Noticed Grinder
  4648 | D:5      | Paralysed by Grinder for 3 turns
  4653 | D:5      | Paralysed by Grinder for 5 turns
  4654 | D:5      | HP: 5/41 [Grinder/nerve-wracking pain (8)]
  4660 | D:5      | HP: 4/41 [Grinder/nerve-wracking pain (7)]
  4662 | D:5      | Gained mutation: You expend magic power (3 MP) to
                  | strengthen your wands. [potion of mutation]
  4662 | D:5      | Gained mutation: You occasionally lose the ability to read
                  | scrolls when taking damage. [potion of mutation]
  4662 | D:5      | Paralysed by Grinder for 5 turns
  4667 | D:5      | Killed Grinder
  4668 | D:5      | Reached skill level 10 in Poison Magic
  4668 | D:5      | Reached skill level 1 in Fighting
  4948 | D:5      | Noticed Duvessa
  4948 | D:5      | Noticed Dowan
  4959 | D:5      | Killed Duvessa
  4959 | D:5      | HP: 9/43 [Dowan/shard of ice (14)]
  4960 | D:5      | Reached skill level 2 in Fighting
  4960 | D:5      | Reached skill level 3 in Dodging
  4960 | D:5      | Reached XP level 8. HP: 10/50 MP: 3/11
  4960 | D:5      | Killed Dowan
  5413 | D:5      | Reached skill level 3 in Fighting
  5731 | D:5      | Reached skill level 4 in Dodging
  6224 | D:6      | Reached skill level 4 in Fighting
  6307 | D:6      | You pick up a book of Callings and begin reading...
  6307 | D:6      | You add the spells Summon Small Mammal, Call Canine
                  | Familiar and Summon Guardian Golem to your library.
  6565 | D:6      | Reached skill level 5 in Dodging
  6688 | D:6      | Noticed Maggie
  6960 | D:7      | Lost mutation: You expend magic power (3 MP) to strengthen
                  | your wands. [potion of mutation]
  6960 | D:7      | Lost mutation: You occasionally lose the ability to read
                  | scrolls when taking damage. [potion of mutation]
  6960 | D:7      | Gained mutation: You are frail. (-10% HP) [potion of
                  | mutation]
  6960 | D:7      | Gained mutation: Your body sometimes deteriorates upon
                  | taking damage. [potion of mutation]
  6960 | D:7      | Lost mutation: You are frail. (-10% HP) [potion of
                  | mutation]
  7006 | D:7      | Found an iron altar of Okawaru.
  7006 | D:7      | Found a sacrificial altar of Ru.
  7117 | D:7      | Reached skill level 5 in Fighting
  7117 | D:7      | Reached XP level 9. HP: 54/61 MP: 12/12
  7647 | D:7      | Reached skill level 6 in Dodging
  7991 | D:8      | You fall into a shaft and drop 1 floor!
  8022 | D:9      | Found Iphik's Assorted Antiques.
  8031 | D:9      | Noticed a two-headed ogre
  8046 | D:9      | HP: 18/93 [two-headed ogre/+0 giant club (11)]
  8047 | D:9      | HP: 7/93 [two-headed ogre/+0 giant club (11)]
  8049 | D:9      | Killed a two-headed ogre
  8050 | D:9      | Reached skill level 6 in Fighting
  8050 | D:9      | Reached skill level 7 in Dodging
  8183 | D:9      | Noticed a two-headed ogre
  8184 | D:9      | Reached skill level 7 in Fighting
  8199 | D:9      | Noticed a hornet
  8220 | D:9      | Found Qosm's Assorted Antiques.
  8226 | D:9      | HP: 16/64 [two-headed ogre/+0 dire flail (8)]
  8259 | D:8      | Noticed Psyche
  8269 | D:8      | HP: 13/64 [Psyche/chain of chaos (5)]
  8637 | D:7      | Killed Psyche
  8638 | D:7      | Reached skill level 2 in Transmutations
  8638 | D:7      | Reached skill level 1 in Fire Magic
  8771 | D:9      | Slain by a two-headed ogre

Vanquished Creatures
  A two-headed ogre (D:9)
  Psyche (D:7)
  Grinder (D:5)
  Duvessa (D:5)
  An ice beast (D:7)
  2 black bears
  An ogre (D:4)
  2 centaurs (D:6)
  2 phantoms
  A kobold brigand (D:9)
  A bullfrog (D:7)
  3 scorpions
  A necrophage (D:4)
  Dowan (D:5)
  2 howler monkeys (D:9)
  2 hounds (D:6)
  A jelly (D:6)
  A gnoll bouda (D:6)
  An orc priest (D:4)
  2 iguanas
  3 orc wizards
  8 gnolls
  7 adders
  2 shadow imps
  2 white imps (D:5)
  An ufetubus (D:5)
  A worm (D:2)
  4 dart slugs
  23 orcs
  5 ball pythons
  7 endoplasms
  5 giant cockroaches
  14 goblins
  4 hobgoblins
  8 jackals
  5 quokkas
  4 bats
  5 frilled lizards
  13 kobolds
  7 rats
156 creatures vanquished.

Table legend:
 A = Non-vault XP
 B = Vault XP
 C = Vault XP percentage of total XP
 D = Non-vault monster count
 E = Vault monster count
 F = Vault count percentage of total count
                 A         B        C        D         E       F
            +---------+---------+-------+---------+---------+-------
      Total |    3175 |     973 |  23.5 |     139 |      17 |  10.9
            +---------+---------+-------+---------+---------+-------
        D:1 |      53 |       0 |   0.0 |      28 |       0 |   0.0
        D:2 |      61 |       0 |   0.0 |      20 |       0 |   0.0
        D:3 |     133 |      25 |  15.8 |      17 |      11 |  39.3
        D:4 |     432 |       0 |   0.0 |      30 |       0 |   0.0
        D:5 |     496 |     497 |  50.1 |      13 |       3 |  18.8
        D:6 |     532 |      80 |  13.1 |      11 |       2 |  15.4
        D:7 |     408 |     371 |  47.6 |      10 |       1 |   9.1
        D:8 |       3 |       0 |   0.0 |       1 |       0 |   0.0
        D:9 |    1057 |       0 |   0.0 |       9 |       0 |   0.0
            +---------+---------+-------+---------+---------+-------

Illustrated notes

Table legend:
 A = Kills in this place as a percentage of kills in entire the game.
 B = Kills by you in this place as a percentage of kills by you in the entire game.
 C = Kills by friends in this place as a percentage of kills by friends in the entire game.
 D = Other kills in this place as a percentage of other kills in the entire game.
 E = Experience gained in this place as a percentage of experience gained in the entire game.
 F = Experience gained in this place divided by the number of levels of this place that you have seen.
                   A       B       C       D       E      F
               +-------+-------+-------+-------+-------+----------------------
         Total | 100.0 | 100.0 |   N/A |   N/A | 100.0 | 414.8
       Dungeon | 100.0 | 100.0 |   N/A |   N/A | 100.0 | 460.9
               +-------+-------+-------+-------+-------+----------------------

Table legend: (Time is in decaauts)
 A = Elapsed time spent in this place.
 B = Non-inter-level travel time spent in this place.
 C = Inter-level travel time spent in this place.
 D = Time resting spent in this place.
 E = Time spent auto-exploring this place.
 F = Levels seen in this place.
 G = Mean time per level.
                   A        B        C        D        E       F      G
               +--------+--------+--------+--------+--------+-----+--------+
         Total |   8825 |   8364 |    461 |   1315 |   5689 |  10 |  882.5 |
       Dungeon |   8676 |   8294 |    382 |   1315 |   5633 |   9 |  964.0 |
        Temple |    149 |     71 |     78 |      0 |     56 |   1 |  149.0 |
               +--------+--------+--------+--------+--------+-----+--------+

Top non-repeatable levels by time:
     D:5: 1684 daAuts
     D:7: 1513 daAuts
     D:3: 1398 daAuts
     D:2: 1013 daAuts
     D:6: 934 daAuts
     D:4: 889 daAuts
     D:1: 842 daAuts
     D:9: 279 daAuts
  Temple: 149 daAuts
     D:8: 120 daAuts
